 Dungeon Crawl Stone Soup version 0.28-a0-1339-ga5422284a4 (webtiles) character file.

Game seed: 443395896115827372

19068 vivovinco the Basher (level 12, 0/92 HPs)
             Began as a Demonspawn Abyssal Knight on Dec 28, 2021.
             Was a High Priest of Lugonu.
             Killed by divine providence
             ... invoked by Saint Roka
              (13 damage)
             ... on level 1 of the Orcish Mines.
             The game lasted 01:24:21 (15519 turns).

vivovinco the Basher (Demonspawn Abyssal Knight)   Turns: 15519, Time: 01:24:22

Health: 0/92       AC: 24    Str: 14 (17) XL:     12   Next: 33%
Magic:  17/18      EV:  1    Int: 14      God:    Lugonu [*****.]
Gold:   896        SH:  7    Dex: 13 (16) Spells: 18/19 levels left

rFire   + + +      SeeInvis +   a - +7 mace "Killer Klown's Foe" {spect, rF++ Dex+3}
rCold   + . .      Faith    .   f - +2 buckler
rNeg    . . .      Spirit   .   T - +3 gold dragon scales
rPois   +          Reflect  .   A - +0 helmet "Imipn" {rElec}
rElec   +          Harm     .   n - +1 cloak
rCorr   .          Rampage  .   (gloves unavailable)
Will    .....                   G - +0 pair of boots
Stlth   ..........              L - amulet of regeneration
HPRegen 1.05/turn               j - ring of see invisible
MPRegen 0.16/turn               q - ring of poison resistance

@: no status effects
A: claws 3, spiny 2, deterioration 1
a: Renounce Religion, Depart the Abyss, Bend Space, Banish, Corrupt, Enter the
Abyss


You were on level 1 of the Orcish Mines.
You worshipped Lugonu.
Lugonu was extremely pleased with you.
You visited 2 branches of the dungeon, and saw 14 of its levels.
You visited the Abyss 1 time.
You also visited: Bailey.

You collected 1615 gold pieces.
You spent 719 gold pieces at shops.

Inventory:

Hand Weapons
 a - the +7 mace "Killer Klown's Foe" (weapon) {spect, rF++ Dex+3}
   (You found it on level 2 of the Dungeon)

   When its wielder attacks, the weapon's spirit leaps out and strikes again.
   The spirit shares a part of any damage it takes with its wielder.
   Dex:       It affects your dexterity (+3).
   rF:        It greatly protects you from fire.
 b - the +6 hand crossbow of Internal Strife {penet, Contam +Blink rPois Str+6}
   (You found it on level 10 of the Dungeon)

   Any ammunition fired by it passes through the targets it hits, potentially
   hitting all targets in its path until it reaches maximum range.
   Str:       It affects your strength (+6).
   rPois:     It protects you from poison.
   +Blink:    It lets you blink.
   Contam:    It causes magical contamination when unequipped.
 m - a +5 quarterstaff of chaos
Missiles
 h - 428 stones
 k - 39 poisoned darts (quivered)
 l - 51 bolts
 x - 125 arrows
 J - 3 throwing nets
 M - 2 atropa-tipped darts
 W - 7 boomerangs
Armour
 f - a +2 buckler (worn)
 n - a +1 cloak (worn)
 w - a +4 ring mail
 y - an orb of light
 A - the +0 helmet "Imipn" (worn) {rElec}
   (You bought it in a shop on level 10 of the Dungeon)

   rElec:     It insulates you from electricity.
 G - a +0 pair of boots (worn)
 T - +3 gold dragon scales (worn)
Magical Staves
 c - a staff of death
 s - a staff of poison
Jewellery
 j - a ring of see invisible (left claw)
 q - a ring of poison resistance (right claw)
 H - a ring of protection from fire
 K - a +6 ring of intelligence
 L - an amulet of regeneration (around neck)
Wands
 p - a wand of charming (3)
 B - a wand of digging (7)
 I - a wand of flame (14)
Scrolls
 e - 2 scrolls of teleportation
 u - a scroll of amnesia
 F - 2 scrolls of fear
 N - a scroll of brand weapon
 Q - a scroll of blinking
 U - 2 scrolls of fog
 V - a scroll of magic mapping
 Y - a scroll of enchant weapon
Potions
 d - 2 potions of flight
 i - 3 potions of brilliance
 r - 7 potions of curing
 t - 5 potions of ambrosia
 v - a potion of heal wounds {unknown}
 z - a potion of cancellation {unknown}
 C - a potion of berserk rage {unknown}
 E - 3 potions of haste
 O - a potion of might {unknown}
 P - a potion of invisibility {unknown}
 R - 2 potions of magic
 S - a potion of resistance {unknown}
Miscellaneous
 g - a tin of tremorstones (2/2)
 D - a piece from Xom's chessboard (14/15)


   Skills:
 + Level 7.9 Fighting
 - Level 3.1(7.3) Axes
 + Level 10.4(10.6) Maces & Flails
 + Level 6.1 Throwing
 + Level 7.9 Armour
 - Level 1.6 Dodging
 - Level 1.9 Stealth
 - Level 4.0 Shields
 - Level 4.4 Spellcasting
 - Level 5.1 Conjurations
 - Level 4.4 Fire Magic
 + Level 5.3 Invocations


You had 18 spell levels left.
You knew the following spells:

 Your Spells              Type           Power      Damage    Failure   Level
a - Foxfire               Conj/Fire      64%        2x1d7     100%        1

Your spell library contained the following spells:

 Spells                   Type           Power      Damage    Failure   Level
 Ensorcelled Hibernation  Hex/Ice        6%         N/A       100%        2
 Scorch                   Fire           30%        2d6       100%        2
 Conjure Flame            Conj/Fire      16%        6-21      100%        3
 Ignite Poison            Fire/Tmut/Pois 7%         N/A       100%        3
 Inner Flame              Hex/Fire       9%         N/A       100%        3
 Mephitic Cloud           Conj/Pois/Air  7%         N/A       100%        3
 Spider Form              Tmut/Pois      3%         N/A       100%        3
 Stone Arrow              Conj/Erth      20%        3d8       100%        3
 Animate Armour           Summ/Erth      6%         N/A       100%        4
 Animate Dead             Necr           1%         N/A       100%        4
 Flame Wave               Conj/Fire      16%        2d5       100%        4
 Alistair's Intoxication  Tmut/Pois      2%         N/A       100%        5
 Borgnjor's Vile Clutch   Necr/Erth      1%         N/A       100%        5
 Freezing Cloud           Conj/Ice/Air   3%         6-21      100%        5
 Death Channel            Necr           1%         N/A       100%        6
 Eringya's Noxious Bog    Tmut/Pois      1%         N/A       100%        6
 Summon Cactus Giant      Summ           1%         N/A       100%        6
 Lehudib's Crystal Spear  Conj/Erth      5%         10d3      100%        8


Dungeon Overview and Level Annotations

Branches:
Dungeon (12/15)            Temple (0/1) D:4            Lair (0/6) D:11
    Orc (2/2) D:9          Bailey (visited)
    Elf: Orc:2

Altars:
Dithmenos
Elyvilon
Fedhas
Gozag
Makhleb
Okawaru
Qazlal
Sif Muna
Trog
Uskayaw
Vehumet
Xom
Yredelemnul
The Shining One

Shops:
D:6 :   D:7 (   D:10 *

Annotations:
D:2 Sigmund
D:11 exclusion: oklob plant
Orc:1 Saint Roka


Innate Abilities, Weirdness & Mutations

You have claws for hands.
You are mostly covered in sharp spines.
Your body sometimes deteriorates upon taking damage.


Message History

You hit Saint Roka but do no damage.
Your +7 mace "Killer Klown's Foe" {spect, rF++ Dex+3} hits Saint Roka but does no damage.
Saint Roka is struck by your spines.
Saint Roka hits you with a +0 long sword!
Your body deteriorates!
You feel weakened.
You hit Saint Roka but do no damage.
Saint Roka is lightly wounded.
Your +7 mace "Killer Klown's Foe" {spect, rF++ Dex+3} hits Saint Roka but does no damage.
Saint Roka hits you with a +0 long sword.
You sock Saint Roka!
Saint Roka is lightly wounded.
Your +7 mace "Killer Klown's Foe" {spect, rF++ Dex+3} hits Saint Roka!
Saint Roka hits you with a +0 long sword.
You hit Saint Roka but do no damage.
Saint Roka is lightly wounded.
Your +7 mace "Killer Klown's Foe" {spect, rF++ Dex+3} hits Saint Roka but does no damage.
Saint Roka hits you but does no damage.
Unknown command.
You barely miss Saint Roka.
Saint Roka is lightly wounded.
Your +7 mace "Killer Klown's Foe" {spect, rF++ Dex+3} hits Saint Roka!
Saint Roka invokes the aid of Beogh against you.
Beogh smites you!
Okay, then.
Okay, then.
You make a move on Xom's chessboard...
Saint Roka resists with almost no effort.
Saint Roka hits you with a +0 long sword!!
You hit Saint Roka.
Saint Roka is lightly wounded.
Your +7 mace "Killer Klown's Foe" {spect, rF++ Dex+3} barely misses Saint Roka.
Saint Roka hits you with a +0 long sword!
Space bends around you!
You blink.
Saint Roka calls out, "Only Beogh rules here!"
Saint Roka mumbles some strange prayers to Beogh against you.
Beogh smites you!
* * * LOW HITPOINT WARNING * * *
Saint Roka invokes the aid of Beogh against you.
Beogh smites you!
You die...

#.#...###)....###.......#
####..####.....##.).#..####
#..###...#....#..###....##
####.#...##.#....# #.....#
##...#####....# #.....#
#.....###...)####....##
####....§o)#.[.#....##
#....)>§#<[....#.#
###@.[)[#.)....###
#.#..####...### ####.#
##.#.# ### #####


You could see Saint Roka.

Vanquished Creatures
  Harold (D:8)
  2 two-headed ogres
  Pikel (D:7)
  2 orc sorcerers (Orc:1)
  A manticore (D:11)
  6 orange demons (D:11)
  Psyche (D:8)
  3 red devils (D:11)
  2 hornets
  Prince Ribbit (D:8)
  3 trolls
  A shadow (D:10)
  A wraith (D:6)
  22 yaks
  A wyvern (D:11)
  A vampire (D:11)
  A spriggan (D:10)
  2 steam dragons
  A water moccasin (D:7)
  A hornet zombie (D:9)
  3 ice beasts
  A black bear (D:8)
  A necrophage (D:6)
  19 orc warriors
  5 ogres
  A sky beast (D:5)
  A phantom (D:5)
  5 centaurs
  2 lemures
  3 bullfrogs
  A wyvern zombie (D:6)
  A gnoll sergeant (D:11)
  2 scorpions (D:6)
  A water moccasin skeleton (D:5)
  13 killer bees
  2 howler monkeys
  11 wights
  8 centaur zombies
  3 jellies
  A centaur skeleton (D:7)
  4 hounds
  2 gnoll shamans
  Crazy Yiuf (D:2)
  7 orc priests
  9 orc wizards
  Natasha (thrice) (D:3)
  2 howler monkey zombies
  26 gnolls
  8 adders
  A shadow imp (D:7)
  2 white imps
  An ufetubus (D:7)
  3 adder skeletons (D:4)
  An adder zombie (D:5)
  2 worms
  A dart slug (D:2)
  55 orcs
  6 bats
  6 endoplasms
  A giant cockroach (D:4)
  14 goblins
  16 hobgoblins
  7 jackals
  4 kobolds
  8 quokkas
  4 ball pythons
  5 frilled lizards
  8 rats
345 creatures vanquished.

Vanquished Creatures (others)
  203 foxfires
  19 plants
  4 toadstools (D:1)
226 creatures vanquished.

Grand Total: 571 creatures vanquished

Notes
Turn   | Place    | Note
-------+----------+-------------------------------------------
     0 | Abyss:1  | vivovinco the Demonspawn Abyssal Knight began the quest for
                  | the Orb.
     0 | Abyss:1  | Reached XP level 1. HP: 18/18 MP: 2/2
    89 | Abyss:1  | Found a corrupted altar of Lugonu.
   119 | Abyss:1  | Noticed a small abomination
   231 | Abyss:2  | Noticed a sixfirhy
   256 | D:1      | Escaped the Abyss
   456 | D:1      | Reached skill level 1 in Dodging
   792 | D:1      | Gained mutation: You have sharp fingernails. [demonic
                  | ancestry]
   792 | D:1      | Reached XP level 2. HP: 24/24 MP: 3/3
  1142 | D:1      | Found a faded altar of an unknown god.
  1296 | D:1      | Reached * piety under Lugonu
  1457 | D:2      | Gained mutation: You are partially covered in sharp spines.
                  | [demonic ancestry]
  1457 | D:2      | Reached XP level 3. HP: 19/29 MP: 4/4
  1892 | D:2      | Found a runed translucent door.
  1893 | D:2      | Noticed Crazy Yiuf
  2381 | D:2      | Found a shimmering altar of Xom.
  2500 | D:2      | Reached XP level 4. HP: 32/37 MP: 5/5
  2565 | D:2      | Noticed Sigmund
  2861 | D:2      | Killed Crazy Yiuf
  2868 | D:2      | Identified the +7 mace "Killer Klown's Foe" {spect, rF++
                  | Dex+3}
  3585 | D:3      | Reached XP level 5. HP: 23/42 MP: 6/6
  3798 | D:4      | Found a staircase to the Ecumenical Temple.
  3863 | D:3      | Noticed Natasha
  3867 | D:3      | Reached skill level 1 in Throwing
  3868 | D:3      | Killed Natasha
  3868 | D:3      | Reached ** piety under Lugonu
  3937 | D:3      | Noticed Natasha
  3943 | D:3      | Killed Natasha
  4415 | D:3      | Noticed Natasha
  4420 | D:3      | Killed Natasha
  4421 | D:3      | Reached skill level 1 in Maces & Flails
  4421 | D:3      | Reached XP level 6. HP: 48/48 MP: 7/7
  4667 | D:5      | Entered Level 5 of the Dungeon
  4707 | D:4      | Found a shadowy altar of Dithmenos.
  4735 | D:4      | Reached skill level 1 in Stealth
  4835 | D:4      | Reached skill level 2 in Maces & Flails
  5184 | D:4      | Gained mutation: You are mostly covered in sharp spines.
                  | [demonic ancestry]
  5184 | D:4      | Reached XP level 7. HP: 54/54 MP: 8/8
  5880 | D:5      | Reached skill level 3 in Maces & Flails
  6124 | D:5      | Found a basalt altar of Yredelemnul.
  6153 | D:5      | Reached skill level 4 in Maces & Flails
  6153 | D:5      | Reached XP level 8. HP: 61/61 MP: 9/9
  6637 | D:5      | Reached skill level 5 in Fighting
  6639 | D:5      | Reached *** piety under Lugonu
  6684 | D:5      | Reached skill level 5 in Maces & Flails
  6907 | D:6      | Reached skill level 1 in Shields
  7064 | D:6      | Reached skill level 5 in Armour
  7074 | D:6      | Found an iron altar of Okawaru.
  7355 | D:6      | Found Keanio's Book Shop.
  7571 | D:6      | Gained mutation: You have very sharp fingernails. [demonic
                  | ancestry]
  7571 | D:6      | Reached XP level 9. HP: 68/68 MP: 11/11
  7591 | D:6      | Found a hide-covered altar of Uskayaw.
  7660 | D:6      | Reached skill level 6 in Maces & Flails
  7991 | D:7      | Found an opulent altar of Gozag.
  8200 | D:7      | Found Geczuple's Weapon Boutique.
  8204 | D:7      | Learned a level 1 spell: Foxfire
  8366 | D:7      | Found a burning altar of Makhleb.
  8373 | D:7      | Noticed a green death
  8490 | D:7      | Noticed Pikel
  8741 | D:7      | Reached skill level 5 in Throwing
  8741 | D:7      | Reached skill level 1 in Conjurations
  8759 | D:7      | Reached skill level 1 in Fire Magic
  8916 | D:7      | Reached skill level 1 in Spellcasting
  9156 | D:7      | Killed Pikel
  9219 | D:7      | Found a shadowy altar of Dithmenos.
  9268 | D:7      | Gained mutation: You have claws for hands. [demonic
                  | ancestry]
  9268 | D:7      | Reached XP level 10. HP: 72/76 MP: 11/13
  9487 | D:6      | Bought a book of Armaments for 432 gold pieces
  9813 | D:8      | Noticed Prince Ribbit
  9820 | D:8      | Killed Prince Ribbit
  9958 | D:8      | Found a shimmering blue altar of Sif Muna.
 10021 | D:8      | Found a radiant altar of Vehumet.
 10089 | D:8      | Noticed Psyche
 10095 | D:8      | Killed Psyche
 10096 | D:8      | Reached skill level 7 in Maces & Flails
 10096 | D:8      | Found a stormy altar of Qazlal.
 10439 | D:8      | Noticed Harold
 10790 | D:8      | Killed Harold
 11150 | D:9      | Found a staircase to the Orcish Mines.
 11239 | D:10     | Entered Level 10 of the Dungeon
 11245 | D:10     | Found a blossoming altar of Fedhas.
 11335 | D:10     | Found Cadghotack's General Store.
 11352 | D:10     | Reached **** piety under Lugonu
 11374 | D:10     | Found a flagged portal.
 11386 | Bailey   | Entered a bailey
 11413 | Bailey   | Noticed an orc knight
 11426 | Bailey   | Banished an orc knight
 11446 | Bailey   | Reached skill level 8 in Maces & Flails
 11544 | Bailey   | Reached XP level 11. HP: 75/83 MP: 11/16
 11549 | Bailey   | Reached skill level 5 in Invocations
 11583 | Bailey   | Identified 2 scrolls of acquirement
 11583 | Bailey   | Acquired +2 gold dragon scales
 11614 | Bailey   | Noticed an orc warlord
 11614 | Bailey   | Noticed an orc knight
 11650 | D:10     | Identified the +6 hand crossbow of Internal Strife {penet,
                  | Contam +Blink rPois Str+6}
 11658 | D:10     | Bought a scroll of identify for 28 gold pieces
 11661 | D:10     | Acquired 647 gold pieces
 11671 | D:10     | Bought the +0 helmet "Imipn" {rElec} for 259 gold pieces
 11688 | D:9      | Noticed a two-headed ogre
 11698 | D:9      | Killed a two-headed ogre
 12018 | D:9      | Reached skill level 5 in Conjurations
 12169 | D:9      | Found a bloodstained altar of Trog.
 12459 | D:10     | Noticed a two-headed ogre
 12462 | D:10     | Killed a two-headed ogre
 12656 | D:10     | Reached skill level 9 in Maces & Flails
 12696 | D:10     | Reached ***** piety under Lugonu
 13611 | D:11     | Gained mutation: Your body sometimes deteriorates upon
                  | taking damage. [mutagenic glow]
 13627 | D:11     | Reached XP level 12. HP: 34/91 MP: 18/18
 13801 | D:11     | Reached skill level 10 in Maces & Flails
 13896 | D:11     | Found a staircase to the Lair.
 14426 | Orc:1    | Entered Level 1 of the Orcish Mines
 14429 | Orc:1    | Paralysed by an orc sorcerer for 7 turns
 14510 | Orc:2    | Entered Level 2 of the Orcish Mines
 14692 | Orc:2    | Noticed Saint Roka
 14966 | Orc:2    | Noticed an orc high priest
 15519 | Orc:1    | Killed from afar by Saint Roka

Illustrated notes

Levels and vault maps discovered:
D:1:      ldierk_walled_garden_2, layout_loops_cross,
          shapermc_ecumenical_altar_mp_urbaneastern
D:2:      layout_loops_ring, basic_altar, chequers_mini_garden,
          roderic_serpentine_path, minmay_box_of_dots, uniq_sigmund,
          uniq_crazy_yiuf_cottage
D:3:      layout_rooms, grunt_decor_mini_mirrors, kennysheep_generic_room_15,
          uniq_natasha
D:4:      layout_layer_cave, nicolae_dithmenos_shadow_blocks,
          minmay_temple_entry_offerings, corexii_corridor_pit, hex_tiny,
          grunt_decor_arrowhead
D:5:      layout_loops_ring, yredelemnul_altar_generic, lemuel_round_altar,
          serial_bayou, serial_bayou_ford_a, serial_bayou_pond_a,
          serial_bayou_pond_c, serial_bayou_pond_b
D:6:      layout_basic, eat_drink_and_be_merry_uskayaw, lemuel_crystal_altar,
          nicolae_take_the_stairs
D:7:      layout_cave_pools, nicolae_gozag_seed_capital,
          makhleb_altar_promises_db, serial_shops, nicolae_shop_trees,
          minmay_misc_feat_plants, minmay_ruined_shrine, uniq_pikel
D:8:      layout_loops_corners, vehumet_altar_wand_db, lemuel_blue_sif_altar,
          nicolae_qazlal_general_emergency, uniq_psyche, uniq_harold,
          uniq_prince_ribbit1
D:9:      layout_roguey, gammafunk_temple_overflow_pools, orc_0_dummy
D:10:     layout_irregular_city, mainiacjoe_overflow_cross_hatched,
          serial_shops, shop_fountains, enter_bailey_3, the_hattery
D:11:     layout_stronghold, dpeg_oklobed_lair, hangedman_decor_lopped,
          grunt_ministairs_13, corexii_leaking_fountain,
          minmay_beelzebubs_servants
D:12:     layout_basic, minmay_diced_spiral, uniq_sonja, uniq_josephine,
          uniq_frances
Orc:1:    layout_diamond_mine, serial_shops, shop, lightli_orcish_oven
Orc:2:    pf_orc_diabolical, layout_diamond_mine, minmay_orc_keep,
          uniq_saint_roka

Skill      XL: |  1  2  3  4  5  6  7  8  9 10 11 12 |
---------------+-------------------------------------+-----
Axes           | 2 3 |  3.1
Dodging        | 1 |  1.6
Armour         | 2 3 4 5 6 7 |  7.9
Throwing       | 1 2 3 5 6 |  6.1
Fighting       | 4 5 6 7 |  7.9
Maces & Flails | 1 2 4 5 6 8 9 10 | 10.4
Stealth        | 1 |  1.9
Shields        | 1 2 3 4 |  4.0
Invocations    | 3 4 5 |  5.3
Conjurations   | 2 4 5 |  5.1
Fire Magic     | 2 4 |  4.4
Spellcasting   | 2 3 4 |  4.4

Action                   |  1- 3 |  4- 6 |  7- 9 | 10-12 || total
-------------------------+-------+-------+-------+-------++-------
Melee: Hand axe          |   113 |     6 |       |       ||   119
       Mace              |       |    73 |   149 |   342 ||   564
 Fire: Hand crossbow     |       |       |       |     3 ||     3
Throw: Stone             |    10 |    59 |    26 |     2 ||    97
       Dart              |     5 |     6 |       |    49 ||    60
       Boomerang         |       |       |    43 |       ||    43
 Cast: Foxfire           |       |       |    46 |    77 ||   123
Invok: Depart the Abyss  |     1 |       |       |       ||     1
       Bend Space        |       |     1 |       |     4 ||     5
       Banish            |       |       |     1 |     2 ||     3
Evoke: Wand              |       |       |       |    10 ||    10
       Piece from Xom's  |       |       |       |     1 ||     1
  Use: Scroll            |       |     5 |     4 |    11 ||    20
       Potion            |       |     2 |       |       ||     2
 Stab: Distracted        |       |     1 |     1 |     3 ||     5
       Sleeping          |       |       |       |     1 ||     1
Armor: Leather armour    |    23 |       |       |       ||    23
       Scale mail        |    11 |    19 |     9 |       ||    39
       Ring mail         |     1 |       |    28 |    23 ||    52
       Gold dragon scale |       |       |       |   139 ||   139
Dodge: Dodged            |    62 |    21 |    48 |    56 ||   187
Block: Buckler           |       |     7 |    41 |   104 ||   152

Table legend: (Time is in decaauts)
 A = Elapsed time spent in this place.
 B = Non-inter-level travel time spent in this place.
 C = Inter-level travel time spent in this place.
 D = Time resting spent in this place.
 E = Time spent auto-exploring this place.
 F = Levels seen in this place.
 G = Mean time per level.
                   A        B        C        D        E       F      G
               +--------+--------+--------+--------+--------+-----+--------+
         Total |  15657 |  14908 |    749 |   3141 |   8104 |  17 |  921.0 |
       Dungeon |  14064 |  13316 |    748 |   2291 |   7882 |  12 | 1172.0 |
  Orcish Mines |   1096 |   1096 |      0 |    791 |     82 |   2 |  548.0 |
         Abyss |    256 |    256 |      0 |      0 |    140 |   2 |  128.0 |
        Bailey |    241 |    241 |      0 |     59 |      0 |   1 |  241.0 |
               +--------+--------+--------+--------+--------+-----+--------+

Top non-repeatable levels by time:
     D:2: 1999 daAuts
     D:7: 1632 daAuts
     D:4: 1291 daAuts
    D:11: 1284 daAuts
     D:8: 1261 daAuts
     D:6: 1258 daAuts
     D:3: 1170 daAuts
     D:5: 1157 daAuts
     D:1: 1139 daAuts
   Orc:1: 1045 daAuts
     D:9: 964 daAuts
    D:10: 903 daAuts
  Bailey: 241 daAuts
 Abyss:1: 157 daAuts
 Abyss:2: 99 daAuts
